 Dungeon Sprint DCSS version 0.29-a0-512-gf59ac788ac (webtiles) character file.

Game seed: 14092490018831313991

14277 mhtbhm the Brawler (level 11, -3/104 HPs)
             Began as a Troll Transmuter on May 29, 2022.
             Was the Champion of Qazlal.
             Succumbed to an emperor scorpion's poison
             ... while paralysed by a great orb of eyes
             ... in the Dungeon (Sprint VII: "The Pits").
             The game lasted 00:08:12 (2227 turns).

mhtbhm the Brawler (Troll Transmuter)               Turns: 2227, Time: 00:08:12

Health: -3/104     AC:  8    Str: 20    XL:     11   Next: 86%
Magic:  10/21      EV:  1    Int: 13    God:    Qazlal [******]
Gold:   26         SH:  0    Dex: 10    Spells: 15/25 levels left

rFire   + . .      SeeInvis .     - Unarmed
rCold   . . .      Faith    .   (no shield)
rNeg    . . .      Spirit   .   a - +0 robe
rPois   .          Reflect  .   (helmet currently unavailable)
rElec   .          Harm     .   p - +0 cloak
rCorr   .          Rampage  .   (gloves unavailable)
Will    .....      NoTele   +   (boots unavailable)
Stlth   +.........              (no amulet)
HPRegen 1.07/turn               l - +3 ring of evasion
MPRegen 0.17/turn               x - ring of protection from fire

@: paralysed, lethally poisoned (-3 -> -22), appendages, wereblooded, protected
from physical damage, mesmerised, glowing, repel missiles
A: horns 2, talons 2, large, unfitting armour, claws 3, regeneration 1, shaggy
fur 1, tough skin 1
a: End Transformation, Renounce Religion, Upheaval, Elemental Force, Disaster
Area


You were in the Dungeon.
You worshipped Qazlal.
Qazlal was exalted by your worship.
You had temporarily grown beastly horns and talons.
You visited 1 branch You collected 26 gold pieces.

Inventory:

Missiles
 q - 5 poisoned darts (quivered)
 r - 4 javelins
Armour
 a - a +0 robe (worn)
 p - a +0 cloak (worn)
Jewellery
 l - a +3 ring of evasion (left claw)
 m - a +3 ring of intelligence
 x - a ring of protection from fire (right claw)
 z - a ring of protection from cold
Wands
 y - a wand of acid (3)
Scrolls
 h - 5 scrolls of blinking
 j - 5 scrolls of amnesia
 s - 2 scrolls of fog
 u - 3 scrolls of identify
 v - 2 scrolls of enchant weapon
Potions
 b - a potion of lignification
 c - 5 potions of curing
 d - 12 potions of heal wounds
 e - 2 potions of haste
 f - 4 potions of magic
 g - 3 potions of berserk rage
 i - 2 potions of invisibility
 n - 3 potions of brilliance
 o - 2 potions of mutation
 t - 2 potions of resistance
 w - a potion of might


   Skills:
 + Level 5.2 Fighting
 + Level 9.7 Dodging
 - Level 2.3 Stealth
 + Level 6.8 Shields
 + Level 17.4 Unarmed Combat
 + Level 7.9 Spellcasting
 + Level 8.5 Transmutations
 + Level 1.6 Ice Magic
 + Level 1.2 Poison Magic
 * Level 10.9 Invocations


You had 15 spell levels left.
You knew the following spells:

 Your Spells              Type           Power      Damage    Failure   Level
a - Beastly Appendage     Tmut           54%        N/A       1%          1
b - Wereblood             Tmut           27%        N/A       1%          2
c - Spider Form           Tmut/Pois      17%        N/A       5%          3
d - Ice Form              Ice/Tmut       18%        N/A       17%         4

Your spell library contained the following spells:

 Spells                   Type           Power      Damage    Failure   Level


Dungeon Overview and Level Annotations

Branches:
Dungeon (1/1)

Altars:
Ashenzari
Cheibriados
Dithmenos
Elyvilon
Fedhas
Gozag
Hepliaklqana
Kikubaaqudgha
Makhleb
Nemelex Xobeh
Okawaru
Qazlal
Ru
Sif Muna
Trog
Uskayaw
Vehumet
Wu Jian
Xom
Yredelemnul
Zin
The Shining One
Beogh
Jiyva
Lugonu


Innate Abilities, Weirdness & Mutations

You have temporarily grown beastly horns and talons.
You are too large for most types of armour.
You have claws for hands.
Your natural rate of healing is unusually fast.
You are covered in fur. (AC +1)
You have tough skin. (AC +1)


Message History

Your small abomination is engulfed in freezing vapours.
Your small abomination closely misses the spriggan druid.
The spriggan druid casts a spell at you.
The stone arrow misses you.
The stone arrow hits the great orb of eyes!!
Unknown command.
Unknown command.
You feel much better.
Something barely misses your small abomination. x2
Something stings your small abomination.
The great orb of eyes gazes at you.
You suddenly lose the ability to move!
The emperor scorpion stings you!!
You are poisoned.
The emperor scorpion poisons you!
The emperor scorpion claws you but does no damage. x2
You are no longer terrified.
Your small abomination hits the great orb of eyes!
Your small abomination is engulfed in freezing vapours.
Your small abomination hits the spriggan druid!
The spriggan druid hits you with a +0 quarterstaff!
* * * LOW HITPOINT WARNING * * *
* * * LOW HITPOINT WARNING * * *
You feel extremely sick. Something hits your small abomination!
Your small abomination is destroyed!
Your small abomination dissolves into shadows!
Your small abomination is engulfed in freezing vapours.
Your small abomination closely misses the spriggan druid.
The emperor scorpion stings you!
* * * LOW HITPOINT WARNING * * *
The emperor scorpion claws you but does no damage.
The emperor scorpion claws you.
* * * LOW HITPOINT WARNING * * *
The great orb of eyes gazes at you.
You shrug off the repeated paralysis!
The merfolk avatar chants its luring song.
The spriggan druid hits you with a +0 quarterstaff.
* * * LOW HITPOINT WARNING * * *
You feel more protected from physical attacks.
You die...

##########..#....#..
........''..........
........''..........
######..##..#....#..
#..##.......... +..##..........
#..####○°####++
#..####'x####++#########
#..##{G@i..##...........
##########..##.#s##.##.......)...
............##.#AC .##..#########
............##


Wmt# ##..# #''########## #:.+ #..# #''########## +).# #..# ........##..# ##+#
#..# .#......##..# #..# ........''..# #..# You could see a daeva (corroded), an
emperor scorpion, a fire giant, a merfolk avatar (mesmerising, corroded), an
eidolon, a great orb of eyes, a fire crab, a spriggan druid (ally target) and a
friendly small abomination (summoned).

Vanquished Creatures
  A minotaur (D)
  3 hell hogs (D)
  A fire crab (D)
  A shadow wraith (D)
  A bog body (D)
  2 deep elf zephyrmancers (D)
  A cyclops (D)
  A deep elf pyromancer (D)
  A manticore (D)
  Joseph (D)
  A black mamba (D)
  A molten gargoyle (D)
  An orange demon (D)
  An unseen horror (D)
  A komodo dragon (D)
  A hellwing (D)
  A troll (D)
  A tyrant leech (D)
  A hornet (D)
  2 merfolk (D)
  4 blink frogs (D)
  An air elemental (D)
  A spriggan (D)
  A water elemental (D)
  A wraith (D)
  Eustachio (D)
  5 yaks (D)
  2 redbacks (D)
  4 hell hounds (D)
  A floating eye (D)
  2 orc warriors (D)
  A swamp drake (D)
  6 wolves (D)
  2 centaurs (D)
  A kobold brigand (D)
  3 small abominations (D)
  A bullfrog (D)
  3 scorpions (D)
  A necrophage (D)
  A crimson imp (D)
  An orc priest (D)
  An orc wizard (D)
  A hell rat (D)
  3 mummies (D)
  2 gnolls (D)
  A river rat (D)
  An adder skeleton (D)
  A worm (D)
  7 orcs (D)
  A bat zombie (D)
  An endoplasm (D)
  2 goblins (D)
  A hobgoblin (D)
  2 ball python skeletons (D)
  2 bats (D)
  A jackal skeleton (D)
  2 kobolds (D)
  A rat (D)
97 creatures vanquished.

Vanquished Creatures (collateral kills)
  A merfolk impaler (D)
  An orc (D)
2 creatures vanquished.

Vanquished Creatures (others)
  An orc (D)
1 creature vanquished.

Grand Total: 100 creatures vanquished

Notes
Turn   | Place    | Note
-------+----------+-------------------------------------------
     0 | D        | mhtbhm the Troll Transmuter began the quest for the Orb.
     0 | D        | Reached XP level 1. HP: 18/18 MP: 1/1
    45 | D        | Found a bloodstained altar of Trog.
    45 | D        | Found a shimmering blue altar of Sif Muna.
    45 | D        | Found a viscous altar of Jiyva.
    45 | D        | Found a hazy altar of Hepliaklqana.
    45 | D        | Found an opulent altar of Gozag.
    46 | D        | Found a glowing golden altar of the Shining One.
    46 | D        | Found a glowing silver altar of Zin.
    46 | D        | Found a basalt altar of Yredelemnul.
    46 | D        | Found a shimmering altar of Xom.
    46 | D        | Found an ornate altar of the Wu Jian Council.
    46 | D        | Found a sacrificial altar of Ru.
    46 | D        | Found a stormy altar of Qazlal.
    46 | D        | Found an iron altar of Okawaru.
    46 | D        | Found a sparkling altar of Nemelex Xobeh.
    46 | D        | Found a burning altar of Makhleb.
    46 | D        | Found a blossoming altar of Fedhas.
    46 | D        | Found a white marble altar of Elyvilon.
    46 | D        | Found a shadowy altar of Dithmenos.
    46 | D        | Found a snail-covered altar of Cheibriados.
    48 | D        | Found a radiant altar of Vehumet.
    48 | D        | Found a corrupted altar of Lugonu.
    49 | D        | Found a hide-covered altar of Uskayaw.
    49 | D        | Found an ancient bone altar of Kikubaaqudgha.
    49 | D        | Found a broken altar of Ashenzari.
    53 | D        | Became a worshipper of Qazlal Stormbringer
   193 | D        | Reached * piety under Qazlal
   328 | D        | Noticed a scorpion
   333 | D        | Killed a scorpion
   334 | D        | Reached skill level 1 in Fighting
   334 | D        | Reached skill level 6 in Unarmed Combat
   334 | D        | Reached XP level 2. HP: 18/27 MP: 0/4
   334 | D        | Reached XP level 3. HP: 22/33 MP: 0/5
   487 | D        | Learned a level 2 spell: Wereblood
   491 | D        | Learned a level 3 spell: Spider Form
   494 | D        | Reached ** piety under Qazlal
   499 | D        | Reached XP level 4. HP: 27/41 MP: 2/6
   552 | D        | Noticed a kobold brigand
   554 | D        | Noticed a necrophage
   563 | D        | Killed a kobold brigand
   563 | D        | Reached *** piety under Qazlal
   564 | D        | Reached skill level 1 in Stealth
   564 | D        | Reached skill level 7 in Unarmed Combat
   564 | D        | Reached XP level 5. HP: 35/48 MP: 4/8
   572 | D        | Reached skill level 8 in Unarmed Combat
   577 | D        | Reached **** piety under Qazlal
   728 | D        | Learned a level 4 spell: Ice Form
   740 | D        | Killed an unseen horror
   741 | D        | Reached skill level 10 in Unarmed Combat
   741 | D        | Reached XP level 6. HP: 35/58 MP: 7/11
   748 | D        | Reached ***** piety under Qazlal
   749 | D        | Reached skill level 1 in Shields
   749 | D        | Reached XP level 7. HP: 47/66 MP: 8/12
   758 | D        | Noticed a black mamba
   774 | D        | Killed a black mamba
   775 | D        | Reached skill level 5 in Dodging
   775 | D        | Reached skill level 11 in Unarmed Combat
   775 | D        | Reached skill level 5 in Spellcasting
   775 | D        | Reached skill level 5 in Transmutations
   964 | D        | Noticed a spriggan
   977 | D        | Reached skill level 1 in Invocations
   977 | D        | Reached XP level 8. HP: 70/75 MP: 10/14
   980 | D        | Reached skill level 12 in Unarmed Combat
   980 | D        | Reached ****** piety under Qazlal
  1032 | D        | Noticed Joseph
  1050 | D        | Killed Joseph
  1051 | D        | Reached XP level 9. HP: 83/83 MP: 8/16
  1105 | D        | Noticed a deep elf zephyrmancer
  1118 | D        | Killed a deep elf zephyrmancer
  1119 | D        | Reached skill level 13 in Unarmed Combat
  1119 | D        | Reached skill level 5 in Invocations
  1128 | D        | Noticed a minotaur
  1141 | D        | Killed a minotaur
  1221 | D        | Noticed a fire crab
  1221 | D        | Noticed Eustachio
  1229 | D        | Reached skill level 14 in Unarmed Combat
  1229 | D        | Reached skill level 1 in Poison Magic
  1229 | D        | Killed a fire crab
  1230 | D        | Reached XP level 10. HP: 43/91 MP: 15/18
  1233 | D        | Killed Eustachio
  1393 | D        | Noticed a molten gargoyle
  1397 | D        | Reached skill level 5 in Shields
  1407 | D        | Reached skill level 15 in Unarmed Combat
  1413 | D        | Killed a molten gargoyle
  1472 | D        | Noticed a manticore
  1486 | D        | Killed a manticore
  1539 | D        | Noticed a merfolk impaler
  1541 | D        | Noticed a deep elf pyromancer
  1552 | D        | Killed a merfolk impaler
  1572 | D        | Reached XP level 11. HP: 56/98 MP: 10/20
  1575 | D        | Reached skill level 1 in Ice Magic
  1575 | D        | Killed a deep elf pyromancer
  1576 | D        | Reached skill level 16 in Unarmed Combat
  1785 | D        | Noticed a bog body
  1796 | D        | Killed a bog body
  1969 | D        | Noticed a deep elf zephyrmancer
  1969 | D        | Noticed a hell hog
  1970 | D        | Noticed a hell hog
  1970 | D        | Noticed a hell hog
  1976 | D        | Killed a hell hog
  1977 | D        | Killed a shadow wraith
  1978 | D        | Reached skill level 17 in Unarmed Combat
  1978 | D        | Reached skill level 10 in Invocations
  1980 | D        | Reached skill level 5 in Fighting
  1983 | D        | Killed a hell hog
  1986 | D        | Killed a hell hog
  1994 | D        | Killed a deep elf zephyrmancer
  2219 | D        | Noticed a daeva
  2219 | D        | Noticed an emperor scorpion
  2219 | D        | Noticed a merfolk avatar
  2219 | D        | Noticed a fire giant
  2219 | D        | Noticed a great orb of eyes
  2219 | D        | Noticed a spriggan druid
  2219 | D        | Noticed an eidolon
  2219 | D        | Noticed a fire crab
  2221 | D        | Noticed a ghost moth
  2225 | D        | Paralysed by a great orb of eyes for 5 turns
  2226 | D        | HP: 5/104 [emperor scorpion (6)]
  2226 | D        | HP: 2/104 [spriggan druid/+0 quarterstaff (3)]
  2227 | D        | Succumbed to an emperor scorpion's poison

Illustrated notes

Levels and vault maps discovered:
D:        pitsprint [storerooms_1, entrance_room_1, metal_vault_7, armoury_2,
          mini_pit_1, grid_room_1, main_hall_1, silver_pit, the_coven_1,
          the_vestibule_1, steel_vault_4, golden_pit, hallway_of_sentries,
          crystal_vault_1, iron_vault_2, final_vault]

Skill      XL: |  1  2  3  4  5  6  7  8  9 10 11 |
---------------+----------------------------------+-----
Fighting       | 1 2 3 5 |  5.2
Dodging        | 2 3 4 5 6 8 9 |  9.7
Unarmed Combat | 6 7 10 11 12 14 15 17 | 17.4
Spellcasting   | 2 3 4 5 6 7 |  7.9
Transmutations | 2 3 4 5 6 7 8 |  8.5
Stealth        | 1 2 |  2.3
Shields        | 1 2 3 4 5 6 |  6.8
Invocations    | 1 4 6 8 10 | 10.9
Poison Magic   | 1 |  1.2
Ice Magic      | 1 |  1.6

Action                   |  1- 3 |  4- 6 |  7- 9 | 10-12 || total
-------------------------+-------+-------+-------+-------++-------
Melee: Unarmed           |    21 |    35 |    67 |    99 ||   222
       Kick              |     4 |     6 |    13 |    12 ||    35
       Headbutt          |     1 |     2 |     5 |     7 ||    15
       Punch             |       |       |     3 |     3 ||     6
Throw: Dart              |       |       |       |     1 ||     1
 Cast: Beastly Appendage |     3 |     2 |     5 |     5 ||    15
       Wereblood         |     1 |     2 |     5 |     7 ||    15
       Spider Form       |       |       |     1 |     1 ||     2
       Ice Form          |       |       |     1 |     2 ||     3
Invok: Upheaval          |       |       |       |     1 ||     1
       Elemental Force   |       |       |       |     1 ||     1
       Disaster Area     |       |       |       |     2 ||     2
Evoke: Wand              |       |       |       |     1 ||     1
  Use: Potion            |       |       |     3 |     6 ||     9
       Scroll            |       |       |       |     1 ||     1
 Stab: Sleeping          |     1 |       |       |       ||     1
Armor: Robe              |     6 |     5 |     5 |    10 ||    26
       Skin              |       |       |     2 |     5 ||     7
Dodge: Dodged            |     9 |    17 |    31 |    83 ||   140
       Repelled          |       |       |     1 |     2 ||     3
Block: Other             |     1 |     4 |    21 |    43 ||    69

Table legend: (Time is in decaauts)
 A = Elapsed time spent in this place.
 B = Non-inter-level travel time spent in this place.
 C = Inter-level travel time spent in this place.
 D = Time resting spent in this place.
 E = Time spent auto-exploring this place.
 F = Levels seen in this place.
 G = Mean time per level.
                   A        B        C        D        E       F      G
               +--------+--------+--------+--------+--------+-----+--------+
         Total |   2182 |   2182 |      0 |   1105 |      0 |   1 | 2182.0 |
       Dungeon |   2182 |   2182 |      0 |   1105 |      0 |   1 | 2182.0 |
               +--------+--------+--------+--------+--------+-----+--------+

Top non-repeatable levels by time:
       D: 2182 daAuts
